[Event "GambitGuide"]
[Site "Internet Chess Club"]
[Date "2014.10.31"]
[Round "1"]
[White "JSBach"]
[Black "CairnTerrier"]
[Result "1-0"]
[ICCResult "Black checkmated"]
[WhiteElo "1640"]
[BlackElo "1232"]
[Opening "Vienna: `Frankenstein-Dracula' variation"]
[ECO "C27"]
[NIC "VG.02"]
[Time "22:27:42"]
[TimeControl "120+12"]

1. e4 e5 2. Nc3 Nf6 3. Bc4 Nxe4 4. Qh5 Nd6 5. Bb3 Nc6 6. Nb5 g6 7. Qf3 f5 8.
Qd5 Qe7 9. Nxc7+ Kd8 10. Nxa8 b6 11. d3 Nd4 12. f4 exf4+ 13. Kd1 Bg7 14.
Bxf4 Re8 15. Kd2 g5 16. Qxd6 gxf4 17. Qc7# {Black checkmated} 1-0

[Event "GambitGuide"]
[Site "Internet Chess Club"]
[Date "2014.10.31"]
[Round "1"]
[White "JSBach"]
[Black "jmkchess"]
[Result "1-0"]
[ICCResult "Black resigns"]
[WhiteElo "1640"]
[BlackElo "2024"]
[Opening "Vienna: `Frankenstein-Dracula' variation"]
[ECO "C27"]
[NIC "VG.02"]
[Time "22:27:12"]
[TimeControl "120+12"]

1. e4 e5 2. Nc3 Nf6 3. Bc4 Nxe4 4. Qh5 Nd6 5. Bb3 Nc6 6. Nb5 g6 7. Qf3 f5 8.
Qd5 Qe7 9. Nxc7+ Kd8 10. Nxa8 b6 11. d3 Bb7 12. Nxb6 Nd4 13. Bg5 Qxg5 14.
Qxe5 Qe7 15. Nxd7 Kxd7 16. Ba4+ Kd8 17. Qxe7+ Bxe7 18. Kf1 Kc7 19. c3 Ne6
20. Re1 Bc8 21. Bb3 {Black resigns} 1-0

[Event "GambitGuide"]
[Site "Internet Chess Club"]
[Date "2014.10.31"]
[Round "1"]
[White "JSBach"]
[Black "fearlessone"]
[Result "1-0"]
[ICCResult "Black resigns"]
[WhiteElo "1640"]
[BlackElo "1812"]
[Opening "Vienna: `Frankenstein-Dracula' variation"]
[ECO "C27"]
[NIC "VG.02"]
[Time "22:24:47"]
[TimeControl "120+12"]

1. e4 e5 2. Nc3 Nf6 3. Bc4 Nxe4 4. Qh5 Nd6 5. Bb3 Nc6 6. Nb5 g6 7. Qf3 f5 8.
Qd5 Qe7 9. Nxc7+ Kd8 10. Nxa8 b6 11. d3 Bb7 12. Nxb6 axb6 13. Qf3 Nd4 14.
Qg3 Bg7 15. Bg5 Bf6 16. Bxf6 Qxf6 17. Ba4 b5 18. Bb3 h5 19. c3 Nxb3 20. axb3
g5 21. Nf3 Nf7 22. Ra7 Kc8 23. Rf1 h4 24. Nxh4 gxh4 25. Qe3 f4 26. Qc5+ Qc6
27. Qe7 Nd8 28. Qxe5 Qxg2 29. Qxh8 Qd5 30. Qxh4 f3 31. Qe7 Qxd3 32. Qc5+ Nc6
33. Qf8+ Kc7 34. Qf4+ Kb6 35. Rxb7+ Kxb7 36. Qd2 Ne5 37. Qxd3 Nxd3+ 38. Kd1
Nxb2+ 39. Kc2 {Black resigns} 1-0

[Event "GambitGuide"]
[Site "Internet Chess Club"]
[Date "2014.10.31"]
[Round "1"]
[White "JSBach"]
[Black "DaBigDog"]
[Result "1-0"]
[ICCResult "Black resigns"]
[WhiteElo "1640"]
[BlackElo "1600"]
[Opening "Vienna: `Frankenstein-Dracula' variation"]
[ECO "C27"]
[NIC "VG.02"]
[Time "22:27:40"]
[TimeControl "120+12"]

1. e4 e5 2. Nc3 Nf6 3. Bc4 Nxe4 4. Qh5 Nd6 5. Bb3 Nc6 6. Nb5 g6 7. Qf3 f5 8.
Qd5 Qe7 9. Nxc7+ Kd8 10. Nxa8 b6 11. d3 Bb7 12. Nxb6 axb6 13. Qf3 Nd4 14.
Qg3 f4 15. Qg4 Bh6 16. Ba4 b5 17. Bb3 Re8 18. Bd2 e4 19. Kf1 e3 20. Ba5+ Kc8
21. Re1 N6f5 22. Bb6 Qd6 23. Bxd4 Nxd4 24. Qh3 b4 25. Qxh6 {Black resigns}
1-0

[Event "GambitGuide"]
[Site "Internet Chess Club"]
[Date "2014.10.31"]
[Round "1"]
[White "JSBach"]
[Black "CairnTerrier"]
[Result "1-0"]
[ICCResult "Black resigns"]
[WhiteElo "1640"]
[BlackElo "1232"]
[Opening "Vienna: `Frankenstein-Dracula' variation"]
[ECO "C27"]
[NIC "VG.02"]
[Time "22:28:11"]
[TimeControl "120+12"]

1. e4 e5 2. Nc3 Nf6 3. Bc4 Nxe4 4. Qh5 Nd6 5. Bb3 Nc6 6. Nb5 g6 7. Qf3 f5 8.
Qd5 Qe7 9. Nxc7+ Kd8 10. Nxa8 b6 11. d3 Nd4 12. h4 f4 13. Kd2 Bb7 14. Nxb6
Bxd5 15. Nxd5 Qe8 16. Ke1 g5 17. hxg5 e4 18. Bxf4 exd3+ 19. Kf1 Qe4 20. Re1
Qf5 21. Re5 Qg4 22. f3 Qg3 23. Bxg3 {Black resigns} 1-0

[Event "GambitGuide"]
[Site "Internet Chess Club"]
[Date "2014.10.31"]
[Round "1"]
[White "JSBach"]
[Black "FischerKing"]
[Result "1-0"]
[ICCResult "Black resigns"]
[WhiteElo "1640"]
[BlackElo "1739"]
[Opening "Vienna: `Frankenstein-Dracula' variation"]
[ECO "C27"]
[NIC "VG.02"]
[Time "22:26:05"]
[TimeControl "120+12"]

1. e4 e5 2. Nc3 Nf6 3. Bc4 Nxe4 4. Qh5 Nd6 5. Bb3 Nc6 6. Nb5 g6 7. Qf3 f5 8.
Qd5 Qe7 9. Nxc7+ Kd8 10. Nxa8 b6 11. d3 Nd4 12. h4 Bg7 13. Bg5 Bf6 14. c3
Nxb3 15. Bxf6 Qxf6 16. Qxb3 Bb7 17. Nxb6 axb6 18. Qxb6+ Kc8 19. Kf1 e4 20.
dxe4 Nxe4 21. Qxf6 Nxf6 22. b4 Ne4 23. Ne2 Re8 24. a4 Nd2+ 25. Ke1 Nc4 26.
Rg1 Re4 27. g3 Re7 28. Kd1 Bf3 29. Re1 Nb2+ 30. Kd2 Nc4+ 31. Kd3 Nb2+ 32.
Kd2 Nc4+ 33. Kd3 d5 34. b5 Be4+ 35. Kd4 Kc7 36. Nf4 Kd6 37. Nxd5 Re6 38. Nf4
Re7 39. Kxc4 {Black resigns} 1-0

[Event "GambitGuide"]
[Site "Internet Chess Club"]
[Date "2014.10.31"]
[Round "1"]
[White "JSBach"]
[Black "mnost"]
[Result "0-1"]
[ICCResult "White checkmated"]
[WhiteElo "1640"]
[BlackElo "1305"]
[Opening "Vienna: `Frankenstein-Dracula' variation"]
[ECO "C27"]
[NIC "VG.02"]
[Time "22:20:51"]
[TimeControl "120+12"]

1. e4 e5 2. Nc3 Nf6 3. Bc4 Nxe4 4. Qh5 Nd6 5. Bb3 Nc6 6. Nb5 g6 7. Qf3 f5 8.
Qd5 Qe7 9. Nxc7+ Kd8 10. Nxa8 b6 11. d3 Bg7 12. Nh3 Bb7 13. Bg5 Bf6 14. Nxb6
axb6 15. g3 Nd4 16. Qxb7 Nxb7 17. Be3 Kc7 18. Ng1 e4 19. Rc1 Nf3+ 20. Nxf3
exf3 21. Rd1 g5 22. c3 f4 23. Bd5 fxe3 24. Bxf3 exf2+ 25. Kxf2 Rf8 26. Rdf1
Bg7 27. Kg2 Nc5 28. d4 Na4 29. Rf2 b5 30. Rhf1 h6 31. Kg1 b4 32. Bd1 Rxf2
33. Rxf2 Qe1+ 34. Rf1 Qe3+ 35. Kh1 Nb6 36. cxb4 Bxd4 37. b3 Qd2 38. a3 Nd5
39. Bf3 Ne3 40. Rb1 g4 41. Be4 d5 42. Bxd5 Nxd5 43. Rf1 Ne3 44. Rg1 Ba7 45.
h3 gxh3 46. g4 Qf2 47. Rc1+ Kd7 48. Rg1 h2 49. Rg3 Qxg3 50. b5 Qg1#
{White checkmated}
0-1

[Event "GambitGuide"]
[Site "Internet Chess Club"]
[Date "2014.10.31"]
[Round "1"]
[White "JSBach"]
[Black "jmkchess"]
[Result "1-0"]
[ICCResult "Black resigns"]
[WhiteElo "1640"]
[BlackElo "2024"]
[Opening "Vienna: `Frankenstein-Dracula' variation"]
[ECO "C27"]
[NIC "VG.02"]
[Time "22:28:38"]
[TimeControl "120+12"]

1. e4 e5 2. Nc3 Nf6 3. Bc4 Nxe4 4. Qh5 Nd6 5. Bb3 Nc6 6. Nb5 g6 7. Qf3 f5 8.
Qd5 Qe7 9. Nxc7+ Kd8 10. Nxa8 b6 11. d3 Bb7 12. Nxb6 Nd4 13. Bg5 Qxg5 14.
Qxe5 Qe7 15. Nxd7 Qxe5+ 16. Nxe5 Bxg2 17. c3 Nxb3 18. axb3 Bxh1 19. Rxa7 Bb7
20. Rxb7 Nxb7 21. Nf7+ Ke7 22. Nxh8 Bg7 23. Nxg6+ hxg6 24. d4 Nd6 25. b4 Nc4
26. b3 Nb6 27. b5 Nd5 28. c4 Nb6 29. c5 Nd5 30. Nf3 Kd7 31. h4 Nc3 32. b6
Kc6 33. Kd2 Nb5 34. d5+ Kb7 35. Kd3 Nc7 36. bxc7 Kxc7 37. Kc4 {Black
resigns} 1-0

[Event "GambitGuide"]
[Site "Internet Chess Club"]
[Date "2014.10.31"]
[Round "1"]
[White "JSBach"]
[Black "FischerKing"]
[Result "1-0"]
[ICCResult "Black resigns"]
[WhiteElo "1640"]
[BlackElo "1739"]
[Opening "Vienna: `Frankenstein-Dracula' variation"]
[ECO "C27"]
[NIC "VG.02"]
[Time "22:30:11"]
[TimeControl "120+12"]

1. e4 e5 2. Nc3 Nf6 3. Bc4 Nxe4 4. Qh5 Nd6 5. Bb3 Nc6 6. Nb5 g6 7. Qf3 f5 8.
Qd5 Qe7 9. Nxc7+ Kd8 10. Nxa8 b6 11. d3 Nd4 12. Nh3 Bb7 13. Bg5 {Black
resigns} 1-0

[Event "GambitGuide"]
[Site "Internet Chess Club"]
[Date "2014.10.31"]
[Round "1"]
[White "JSBach"]
[Black "SlippinAway"]
[Result "1-0"]
[ICCResult "Black resigns"]
[WhiteElo "1640"]
[BlackElo "2064"]
[Opening "Vienna: `Frankenstein-Dracula' variation"]
[ECO "C27"]
[NIC "VG.02"]
[Time "22:30:07"]
[TimeControl "120+12"]

1. e4 e5 2. Nc3 Nf6 3. Bc4 Nxe4 4. Qh5 Nd6 5. Bb3 Nc6 6. Nb5 g6 7. Qf3 f5 8.
Qd5 Qe7 9. Nxc7+ Kd8 10. Nxa8 b6 11. d3 Bg7 12. Nh3 h6 13. Ba4 Bb7 14. Nxb6
axb6 15. Qb3 Kc7 16. O-O g5 17. Re1 f4 18. Bd2 Nf5 19. c3 Re8 20. d4 e4 21.
Qb5 Nd6 22. Qb3 f3 23. gxf3 Qe6 24. Qxe6 Rxe6 25. d5 {Black resigns} 1-0

[Event "GambitGuide"]
[Site "Internet Chess Club"]
[Date "2014.10.31"]
[Round "1"]
[White "JSBach"]
[Black "fearlessone"]
[Result "1-0"]
[ICCResult "Black checkmated"]
[WhiteElo "1640"]
[BlackElo "1812"]
[Opening "Vienna: `Frankenstein-Dracula' variation"]
[ECO "C27"]
[NIC "VG.02"]
[Time "22:28:48"]
[TimeControl "120+12"]

1. e4 e5 2. Nc3 Nf6 3. Bc4 Nxe4 4. Qh5 Nd6 5. Bb3 Nc6 6. Nb5 g6 7. Qf3 f5 8.
Qd5 Qe7 9. Nxc7+ Kd8 10. Nxa8 b6 11. d3 Bb7 12. Nxb6 axb6 13. Qf3 Nd4 14.
Qh3 Bg7 15. Be3 Nxb3 16. Bxb6+ Kc8 17. axb3 h5 18. Qg3 Qe6 19. Ne2 f4 20.
Qg5 Bh6 21. Qh4 Bxg2 22. f3 Bxh1 23. Ra8+ Kb7 24. Rxh8 Bg7 25. Rh7 Bf6 26.
Qf2 Qh3 27. Ng1 Qe6 28. Qc5 Ne8 29. Ba7 Qc6 30. Rxd7+ Qxd7 31. Qb6+ Kc8 32.
Qb8# {Black checkmated} 1-0

[Event "GambitGuide"]
[Site "Internet Chess Club"]
[Date "2014.10.31"]
[Round "1"]
[White "JSBach"]
[Black "DaBigDog"]
[Result "0-1"]
[ICCResult "White checkmated"]
[WhiteElo "1640"]
[BlackElo "1600"]
[Opening "Vienna: `Frankenstein-Dracula' variation"]
[ECO "C27"]
[NIC "VG.02"]
[Time "22:29:13"]
[TimeControl "120+12"]

1. e4 e5 2. Nc3 Nf6 3. Bc4 Nxe4 4. Qh5 Nd6 5. Bb3 Nc6 6. Nb5 g6 7. Qf3 f5 8.
Qd5 Qe7 9. Nxc7+ Kd8 10. Nxa8 b6 11. d3 Bb7 12. Nxb6 axb6 13. Qf3 Nd4 14.
Qg3 f4 15. Qg4 Bh6 16. Ba4 b5 17. Bb3 Re8 18. Bd2 e4 19. Kf1 e3 20. Ba5+ Kc8
21. Re1 N6f5 22. Bb6 Qd6 23. Bxd4 Nxd4 24. Qh3 Bg7 25. Qxh7 Re7 26. Qg8+ Kc7
27. Nh3 e2+ 28. Kg1 f3 29. g4 Ne6 30. a3 Nf4 31. Nxf4 Qxf4 32. h3 Bd4 33.
Rh2 Qg3+ 34. Kh1 Bxf2 35. Qf8 Bxe1 36. Bd5 Bxd5 37. Rf2 Bxf2 38. Qc8+ Kxc8
39. c4 Qg1# {White checkmated} 0-1

[Event "GambitGuide"]
[Site "Internet Chess Club"]
[Date "2014.10.31"]
[Round "1"]
[White "JSBach"]
[Black "Svinotigr"]
[Result "1-0"]
[ICCResult "Black resigns"]
[WhiteElo "1640"]
[BlackElo "1757"]
[Opening "Vienna: `Frankenstein-Dracula' variation"]
[ECO "C27"]
[NIC "VG.02"]
[Time "22:25:55"]
[TimeControl "120+12"]

1. e4 e5 2. Nc3 Nf6 3. Bc4 Nxe4 4. Qh5 Nd6 5. Bb3 Nc6 6. Nb5 g6 7. Qf3 f5 8.
Qd5 Qe7 9. Nxc7+ Kd8 10. Nxa8 b6 11. d3 Bb7 12. Nxb6 axb6 13. Qf3 Nd4 14.
Qg3 Bg7 15. Bg5 Bf6 16. Bxf6 Qxf6 17. Ba4 b5 18. Bb3 g5 19. Nh3 g4 20. Ng1
h5 21. h3 h4 22. Qh2 e4 23. dxe4 Bxe4 24. hxg4 fxg4 25. O-O-O Nc4 26. Bxc4
bxc4 27. Qb8+ Ke7 28. Qb4+ Ke8 29. f3 Bf5 30. fxg4 Bxg4 31. Re1+ Be6 32.
Qxc4 Kf7 33. Qc7 Qf2 34. Nf3 Nb5 35. Qf4+ Ke7 36. Rhf1 Qc5 37. Re5 Qc7 38.
Qg5+ Ke8 39. Qg6+ {Black resigns} 1-0

[Event "GambitGuide"]
[Site "Internet Chess Club"]
[Date "2014.10.31"]
[Round "1"]
[White "JSBach"]
[Black "Roaringknights"]
[Result "1-0"]
[ICCResult "Black resigns"]
[WhiteElo "1640"]
[BlackElo "1808"]
[Opening "Vienna: `Frankenstein-Dracula' variation"]
[ECO "C27"]
[NIC "VG.02"]
[Time "22:30:45"]
[TimeControl "120+12"]

1. e4 e5 2. Nc3 Nf6 3. Bc4 Nxe4 4. Qh5 Nd6 5. Bb3 Nc6 6. Nb5 g6 7. Qf3 f5 8.
Qd5 Qe7 9. Nxc7+ Kd8 10. Nxa8 b6 11. d3 f4 12. Ba4 Bb7 13. Nxb6 axb6 14. Qb3
Kc7 15. Nf3 e4 16. dxe4 Qxe4+ 17. Kf1 Bg7 18. Nd2 Ba6+ 19. c4 Qd4 20. Bb5
Nxb5 21. cxb5 {Black resigns} 1-0

[Event "GambitGuide"]
[Site "Internet Chess Club"]
[Date "2014.10.31"]
[Round "1"]
[White "JSBach"]
[Black "tightfist"]
[Result "1-0"]
[ICCResult "Black checkmated"]
[WhiteElo "1640"]
[BlackElo "1152"]
[Opening "Vienna: `Frankenstein-Dracula' variation"]
[ECO "C27"]
[NIC "VG.02"]
[Time "22:27:22"]
[TimeControl "120+12"]

1. e4 e5 2. Nc3 Nf6 3. Bc4 Nxe4 4. Qh5 Nd6 5. Bb3 Nc6 6. Nb5 g6 7. Qf3 f5 8.
Qd5 Qe7 9. Nxc7+ Kd8 10. Nxa8 b6 11. d3 Bb7 12. Nxb6 Nb4 13. Qa5 Nc8 14.
Nd5+ Ke8 15. Nxe7 Bxe7 16. Qc7 Nd6 17. Qb8+ Bd8 18. Qxd6 Nc6 19. Bf7+ Kxf7
20. Qxd7+ Be7 21. Qxb7 Nd4 22. Kd1 Rd8 23. Bg5 Re8 24. Qd5+ Ne6 25. Bxe7
Rxe7 26. Qxe5 Ng5 27. Qg3 Kf6 28. c4 Ne6 29. d4 Nxd4 30. Qh4+ Ke6 31. Nh3
Nc6 32. Re1+ Kd7 33. Rxe7+ Nxe7 34. Qd4+ Ke6 35. Ng5# {Black checkmated} 1-0

[Event "GambitGuide"]
[Site "Internet Chess Club"]
[Date "2014.10.31"]
[Round "1"]
[White "JSBach"]
[Black "jmkchess"]
[Result "1-0"]
[ICCResult "Black resigns"]
[WhiteElo "1640"]
[BlackElo "2024"]
[Opening "Vienna: `Frankenstein-Dracula' variation"]
[ECO "C27"]
[NIC "VG.02"]
[Time "22:30:03"]
[TimeControl "120+12"]

1. e4 e5 2. Nc3 Nf6 3. Bc4 Nxe4 4. Qh5 Nd6 5. Bb3 Nc6 6. Nb5 g6 7. Qf3 f5 8.
Qd5 Qe7 9. Nxc7+ Kd8 10. Nxa8 b6 11. d3 Bb7 12. Nxb6 Nd4 13. Bg5 Qxg5 14.
Qxe5 Qe7 15. Nxd7 Kxd7 16. Ba4+ Bc6 17. Bxc6+ Kxc6 18. Qxe7 Bxe7 19. Kd1 Rb8
20. c3 Ne6 21. Kc2 Nf4 22. g3 Nd5 23. Re1 Bf6 24. Nf3 Nb5 25. Re6+ Kd7 26.
Rhe1 Nbc7 27. Ne5+ Bxe5 28. R6xe5 Kd6 29. f4 Rb6 30. h3 h5 31. a4 Rb8 32. c4
Nb4+ 33. Kd2 Rd8 34. d4 Nc6 35. c5+ Kd7 36. h4 Nxe5 37. fxe5 Ke6 38. Kd3 Nd5
39. Rc1 f4 40. gxf4 Nxf4+ 41. Ke4 Ng2 42. Rh1 Rf8 43. d5+ Ke7 44. d6+ Kd7
45. Kd5 Nf4+ 46. Kc4 Ne6 47. b4 Rf4+ 48. Kb5 Nd4+ 49. Ka6 Nc6 50. a5 Rxb4
51. Rh2 Nxe5 52. Kxa7 Rb5 53. Rc2 Rxa5+ 54. Kb6 Ra8 55. Kb7 Rc8 56. Kb6 Rc6+
57. Kb5 Nd3 58. Rc4 Ne5 59. Re4 Rxc5+ 60. Kxc5 Ng4 61. Re7+ Kd8 62. Re6
{Black resigns}
1-0

[Event "GambitGuide"]
[Site "Internet Chess Club"]
[Date "2014.10.31"]
[Round "1"]
[White "JSBach"]
[Black "SlippinAway"]
[Result "1-0"]
[ICCResult "Black resigns"]
[WhiteElo "1640"]
[BlackElo "2064"]
[Opening "Vienna: `Frankenstein-Dracula' variation"]
[ECO "C27"]
[NIC "VG.02"]
[Time "22:31:21"]
[TimeControl "120+12"]

1. e4 e5 2. Nc3 Nf6 3. Bc4 Nxe4 4. Qh5 Nd6 5. Bb3 Nc6 6. Nb5 g6 7. Qf3 f5 8.
Qd5 Qe7 9. Nxc7+ Kd8 10. Nxa8 b6 11. d3 Bg7 12. Nh3 h6 13. Ba4 Bb7 14. Nxb6
axb6 15. Qb3 Kc7 16. O-O g5 17. Re1 f4 18. Bd2 Nf5 19. Kf1 Nfd4 20. Qd5 Re8
21. a3 Na5 22. Qa2 Nac6 23. c3 Ne6 24. Qd5 Ncd4 25. Qc4+ Nc6 26. Rad1 g4 27.
Ng1 Qf6 28. Qd5 Re7 29. Rc1 Nc5 30. Bc2 Nd4 31. Qc4 Nxc2 32. Rxc2 Qc6 33. f3
g3 34. hxg3 fxg3 35. Ne2 d5 36. Qb4 Nxd3 37. Qxe7+ {Black resigns} 1-0

[Event "GambitGuide"]
[Site "Internet Chess Club"]
[Date "2014.10.31"]
[Round "1"]
[White "JSBach"]
[Black "Submundo"]
[Result "1-0"]
[ICCResult "Black resigns"]
[WhiteElo "1640"]
[BlackElo "1557"]
[Opening "Vienna: `Frankenstein-Dracula' variation"]
[ECO "C27"]
[NIC "VG.02"]
[Time "22:33:14"]
[TimeControl "120+12"]

1. e4 e5 2. Nc3 Nf6 3. Bc4 Nxe4 4. Qh5 Nd6 5. Bb3 Nc6 6. Nb5 g6 7. Qf3 f5 8.
Qd5 Qe7 9. Nxc7+ Kd8 10. Nxa8 b6 11. d3 Nd4 12. f4 Bb7 13. Qxe5 Bxg2 14. Be3
Nc6 15. Qxh8 Bxh1 16. Kf2 Kc8 17. Ne2 Kb7 18. Nxb6 axb6 19. Rxh1 {Black
resigns} 1-0

[Event "GambitGuide"]
[Site "Internet Chess Club"]
[Date "2014.10.31"]
[Round "1"]
[White "JSBach"]
[Black "Roaringknights"]
[Result "1-0"]
[ICCResult "Black resigns"]
[WhiteElo "1653"]
[BlackElo "1808"]
[Opening "Vienna: `Frankenstein-Dracula' variation"]
[ECO "C27"]
[NIC "VG.02"]
[Time "22:33:36"]
[TimeControl "120+12"]

1. e4 e5 2. Nc3 Nf6 3. Bc4 Nxe4 4. Qh5 Nd6 5. Bb3 Nc6 6. Nb5 g6 7. Qf3 f5 8.
Qd5 Qe7 9. Nxc7+ Kd8 10. Nxa8 b6 11. d3 f4 12. Ba4 Bb7 13. Nxb6 axb6 14. Qb3
Kc7 15. Nf3 e4 16. dxe4 Nxe4 17. Bxf4+ Kc8 18. Be3 Nc5 19. Qc4 Bh6 20. Bxc6
dxc6 21. Qg4+ Kb8 22. Qg3+ Ka8 23. Qe5 Re8 24. Bxh6 Qxe5+ 25. Nxe5 Rxe5+ 26.
Be3 {Black resigns} 1-0

[Event "GambitGuide"]
[Site "Internet Chess Club"]
[Date "2014.10.31"]
[Round "1"]
[White "JSBach"]
[Black "jmkchess"]
[Result "1-0"]
[ICCResult "Black resigns"]
[WhiteElo "1653"]
[BlackElo "2024"]
[Opening "Vienna: `Frankenstein-Dracula' variation"]
[ECO "C27"]
[NIC "VG.02"]
[Time "22:33:42"]
[TimeControl "120+12"]

1. e4 e5 2. Nc3 Nf6 3. Bc4 Nxe4 4. Qh5 Nd6 5. Bb3 Nc6 6. Nb5 g6 7. Qf3 f5 8.
Qd5 Qe7 9. Nxc7+ Kd8 10. Nxa8 b6 11. d3 Bb7 12. Nxb6 Nd4 13. Bg5 Qxg5 14.
Qxe5 Qe7 15. Nxd7 Kxd7 16. Qxe7+ Bxe7 17. Ba4+ Bc6 18. Bxc6+ Kxc6 19. Kd1
Rb8 20. c3 Ne6 21. Kc2 Nf4 22. g3 Nd5 23. Re1 Bf6 24. Nf3 Nb5 25. a4 Nd6 26.
Ne5+ Bxe5 27. Rxe5 Nc7 28. Rhe1 Rd8 29. Re7 Rd7 30. d4 Ne4 31. Rxd7 Kxd7 32.
Re2 Ne6 33. d5 N6c5 34. b3 Kd6 35. f3 Ng5 36. f4 Nge4 37. c4 Na6 38. Kc1
Nac5 39. Kc2 Na6 40. Kb2 Nac5 41. a5 a6 42. b4 Nd3+ 43. Ka3 Nc1 44. Re3 Nd2
45. Re6+ Kc7 46. Kb2 Nd3+ 47. Kc3 Nxc4 48. Kxc4 Nxb4 49. Kxb4 {Black
resigns} 1-0

[Event "GambitGuide"]
[Site "Internet Chess Club"]
[Date "2014.10.31"]
[Round "1"]
[White "JSBach"]
[Black "fearlessone"]
[Result "0-1"]
[ICCResult "White checkmated"]
[WhiteElo "1653"]
[BlackElo "1812"]
[Opening "Vienna: `Frankenstein-Dracula' variation"]
[ECO "C27"]
[NIC "VG.02"]
[Time "22:31:40"]
[TimeControl "120+12"]

1. e4 e5 2. Nc3 Nf6 3. Bc4 Nxe4 4. Qh5 Nd6 5. Bb3 Nc6 6. Nb5 g6 7. Qf3 f5 8.
Qd5 Qe7 9. Nxc7+ Kd8 10. Nxa8 b6 11. d3 Bb7 12. Nxb6 axb6 13. Qf3 Bg7 14.
Be3 Nd4 15. Qh3 h5 16. Rd1 f4 17. Bxd4 exd4+ 18. Kf1 g5 19. Re1 Qf6 20. Bc4
g4 21. Bb3 gxh3 22. Nxh3 Re8 23. Rg1 Rxe1+ 24. Kxe1 Bh6 25. Kd1 f3 26. g4
hxg4 27. Rxg4 Qe7 28. Ng1 Be3 29. Nh3 Bxf2 30. Rg8+ Kc7 31. Nxf2 Qe2+ 32.
Kc1 Qxf2 33. c3 dxc3 34. bxc3 Qxh2 35. Kb1 Qh1+ 36. Kc2 Qg2+ 37. Rxg2 fxg2
38. Kd2 g1=Q 39. c4 Qf2+ 40. Kc1 Qe1+ 41. Kb2 Qe2+ 42. Kc3 Qe5+ 43. Kd2 Qb2+
44. Ke1 Bf3 45. Bd1 Qc3+ 46. Kf2 Bxd1 47. c5 bxc5 48. a4 Qd2+ 49. Kg1 Bf3
50. Kf1 Qe2+ 51. Kg1 Qh2+ 52. Kxh2 Be2 53. a5 Bxd3 54. Kg2 Ba6 55. Kf3 Nb7
56. Ke3 d6 57. Ke4 Kc6 58. Ke3 Nxa5 59. Kf2 Nb7 60. Ke3 d5 61. Kf4 Kb5 62.
Ke3 Kc4 63. Kf4 d4 64. Kf3 d3 65. Ke3 Kc3 66. Kf3 c4 67. Ke3 Kc2 68. Ke4 c3
69. Ke3 d2 70. Kf3 Kc1 71. Kf2 Bc4 72. Kf3 Ba2 73. Kg3 Bb1 74. Kf3 c2 75.
Kf4 d1=Q 76. Kg5 Kb2 77. Kf6 c1=Q 78. Ke6 Qe3+ 79. Kf6 Qf1+ 80. Kg7 Qeg1+
81. Kh6 Qh3# {White checkmated} 0-1

[Event "GambitGuide"]
[Site "Internet Chess Club"]
[Date "2014.10.31"]
[Round "1"]
[White "JSBach"]
[Black "jmkchess"]
[Result "1-0"]
[ICCResult "Black resigns"]
[WhiteElo "1653"]
[BlackElo "2024"]
[Opening "Vienna: `Frankenstein-Dracula' variation"]
[ECO "C27"]
[NIC "VG.02"]
[Time "22:35:30"]
[TimeControl "120+12"]

1. e4 e5 2. Nc3 Nf6 3. Bc4 Nxe4 4. Qh5 Nd6 5. Bb3 Nc6 6. Nb5 g6 7. Qf3 f5 8.
Qd5 Qe7 9. Nxc7+ Kd8 10. Nxa8 b6 11. d3 Bb7 12. Nxb6 Nd4 13. Bg5 Qxg5 14.
Qxe5 Qe7 15. Nxd7 Kxd7 16. Ba4+ Bc6 17. Bxc6+ Kxc6 18. Qxe7 Bxe7 19. Kd1 Rb8
20. c3 Ne6 21. Kc2 Nf4 22. g3 Nd5 23. Re1 Bf6 24. Re6 Kd7 25. Re2 Nb5 26.
Nf3 Rc8 27. Ne5+ Bxe5 28. Rxe5 Kd6 29. Rhe1 Nbxc3 30. Re6+ Kd7 31. bxc3
Rxc3+ 32. Kb1 Rxd3 33. Ra6 Nc7 34. Rxa7 Rd2 35. Rc1 Rxf2 36. Rcxc7+ Ke6 37.
Rxh7 {Black resigns} 1-0

[Event "GambitGuide"]
[Site "Internet Chess Club"]
[Date "2014.10.31"]
[Round "1"]
[White "JSBach"]
[Black "FischerKing"]
[Result "0-1"]
[ICCResult "White checkmated"]
[WhiteElo "1653"]
[BlackElo "1739"]
[Opening "Vienna: `Frankenstein-Dracula' variation"]
[ECO "C27"]
[NIC "VG.02"]
[Time "22:30:54"]
[TimeControl "120+12"]

1. e4 e5 2. Nc3 Nf6 3. Bc4 Nxe4 4. Qh5 Nd6 5. Bb3 Nc6 6. Nb5 g6 7. Qf3 f5 8.
Qd5 Qe7 9. Nxc7+ Kd8 10. Nxa8 b6 11. d3 Nd4 12. h4 Bg7 13. Bg5 Bf6 14. Bxf6
Qxf6 15. O-O-O Bb7 16. Nxb6 axb6 17. Re1 Bxd5 18. Bxd5 Kc7 19. c3 Nc6 20.
Nf3 Re8 21. Ng5 Re7 22. Re2 b5 23. Rhe1 h6 24. Nf3 e4 25. dxe4 Nxe4 26. Bxe4
fxe4 27. Rxe4 Rxe4 28. Rxe4 d5 29. Re8 Qf4+ 30. Re3 b4 31. a3 bxc3 32. bxc3
Na5 33. g3 Qf5 34. a4 Nc4 35. Re7+ Kd6 36. Nd4 Kxe7 37. Nxf5+ gxf5 38. Kc2
Kd6 39. Kb3 Ke5 40. Kb4 Ke4 41. Kb5 Kd3 42. Kc5 Ke4 43. Kb5 h5 44. Kc6 Na5+
45. Kb5 Nb3 46. Kb4 Nd2 47. Kc5 Nc4 48. Kb4 f4 49. gxf4 Kxf4 50. Kc5 Ke4 51.
Kb4 Ke5 52. a5 Nxa5 53. Kxa5 d4 54. f4+ Ke4 55. cxd4 Kxd4 56. Kb6 Ke4 57.
Kc5 Kxf4 58. Kd6 Kg4 59. Kc6 Kxh4 60. Kd6 Kg3 61. Ke5 h4 62. Ke6 h3 63. Kd6
h2 64. Kd5 h1=Q+ 65. Kd4 Qe1 66. Kc5 Qe4 67. Kd6 Kf4 68. Kd7 Qg6 69. Ke7 Ke5
70. Kf8 Qh7 71. Ke8 Ke6 72. Kd8 Qd7# {White checkmated} 0-1

[Event "GambitGuide"]
[Site "Internet Chess Club"]
[Date "2014.10.31"]
[Round "1"]
[White "JSBach"]
[Black "Submundo"]
[Result "1-0"]
[ICCResult "Black resigns"]
[WhiteElo "1653"]
[BlackElo "1557"]
[Opening "Vienna: `Frankenstein-Dracula' variation"]
[ECO "C27"]
[NIC "VG.02"]
[Time "22:34:43"]
[TimeControl "120+12"]

1. e4 e5 2. Nc3 Nf6 3. Bc4 Nxe4 4. Qh5 Nd6 5. Bb3 Nc6 6. Nb5 g6 7. Qf3 f5 8.
Qd5 Qe7 9. Nxc7+ Kd8 10. Nxa8 b6 11. d3 Nd4 12. Nh3 h6 13. Kd2 Bb7 14. Nxb6
Bxd5 15. Nxd5 Qg7 16. Ke1 Be7 17. Be3 Bg5 18. Nxg5 hxg5 19. Bxg5+ Ke8 20.
Bf6 Qh6 21. Bxe5 Nxb3 22. axb3 Nf7 23. Bxh8 Qxh8 24. Rxa7 Qxb2 25. Kd2 Qd4
26. Ra8+ Nd8 27. Re1+ {Black resigns} 1-0

[Event "GambitGuide"]
[Site "Internet Chess Club"]
[Date "2014.10.31"]
[Round "1"]
[White "JSBach"]
[Black "SlippinAway"]
[Result "1-0"]
[ICCResult "Black resigns"]
[WhiteElo "1653"]
[BlackElo "2064"]
[Opening "Vienna: `Frankenstein-Dracula' variation"]
[ECO "C27"]
[NIC "VG.02"]
[Time "22:34:34"]
[TimeControl "120+12"]

1. e4 e5 2. Nc3 Nf6 3. Bc4 Nxe4 4. Qh5 Nd6 5. Bb3 Nc6 6. Nb5 g6 7. Qf3 f5 8.
Qd5 Qe7 9. Nxc7+ Kd8 10. Nxa8 b6 11. d3 Bg7 12. Nh3 h6 13. Ba4 Bb7 14. Nxb6
axb6 15. Qb3 Kc7 16. Be3 Nc8 17. Qb5 f4 18. Bd2 g5 19. Qc4 g4 20. Ng1 Nd6
21. Qb3 Nf5 22. Qc4 Nd6 23. Qb3 e4 24. Bxf4 exd3+ 25. Be3 dxc2 26. Qxb6+ Kc8
27. Bxc6 Bxc6 28. Rc1 Qe4 29. f3 Qd3 30. fxg4 Nc4 31. Qa6+ Bb7 32. Qb5 Qxe3+
33. Ne2 Re8 34. Qxc4+ Kb8 35. Rxc2 {Black resigns} 1-0

[Event "GambitGuide"]
[Site "Internet Chess Club"]
[Date "2014.10.31"]
[Round "1"]
[White "JSBach"]
[Black "justinchess"]
[Result "0-1"]
[ICCResult "White checkmated"]
[WhiteElo "1653"]
[BlackElo "1815"]
[Opening "Vienna: `Frankenstein-Dracula' variation"]
[ECO "C27"]
[NIC "VG.02"]
[Time "22:33:50"]
[TimeControl "120+12"]

1. e4 e5 2. Nc3 Nf6 3. Bc4 Nxe4 4. Qh5 Nd6 5. Bb3 Nc6 6. Nb5 g6 7. Qf3 f5 8.
Qd5 Qe7 9. Nxc7+ Kd8 10. Nxa8 b6 11. d3 Nd4 12. h4 Bb7 13. Bg5 Bxd5 14. Nxb6
Bxb3 15. Bxe7+ Bxe7 16. Rc1 axb6 17. axb3 h5 18. Kd2 Bf8 19. Rf1 Bh6+ 20.
Kd1 Re8 21. Re1 Kc7 22. b4 e4 23. dxe4 Nxe4 24. Nh3 Ra8 25. b3 Ra1#
{White checkmated}
0-1